 Dungeon Crawl Stone Soup version 0.17.0-23-g0de4337 (webtiles) character file.

3714 JudasIscariot the Shield-Bearer (level 9, -1/71 HPs)
             Began as a Demonspawn Fighter on Nov 14, 2015.
             Was a Believer of Makhleb.
             Slain by an orc warrior
             ... wielding a +0 glaive
              (21 damage)
             ... on level 9 of the Dungeon.
             The game lasted 00:20:45 (8417 turns).

JudasIscariot the Shield-Bearer (DsFi)              Turns: 8417, Time: 00:20:45

Health: -1/71      AC: 15    Str: 25      XL:     9   Next: 91%
Magic:  12/12      EV:  6    Int: 10      God:    Makhleb [**....]
Gold:   224        SH: 11    Dex: 11 (12) Spells: 0 memorised, 8 levels left

rFire  . . .     SeeInvis .     s - +1 war axe (drain)
rCold  + . .     Clarity  .     h - +0 plate armour
rNeg   . . .     SustAt   .     c - +0 shield
rPois  .         Gourm    .     (no helmet)
rElec  .         Spirit   .     (no cloak)
rCorr  .         Warding  .     u - +0 pair of gloves
rMut   .         Stasis   .     (no boots)
MR     .....                    (no amulet)
Stlth  ..........               (no ring)
                                x - +5 ring of strength

@: not resistant to hostile enchantments, extremely unstealthy
A: claws 1, icy blue scales 1, cold resistance 1, demonic guardian 1
a: Minor Destruction, Renounce Religion


You were on level 9 of the Dungeon.
You worshipped Makhleb.
Makhleb was pleased with you.
You were not hungry.

You visited 2 branches of the dungeon, and saw 10 of its levels.
You also visited: Sewer.

You collected 364 gold pieces.
You spent 140 gold pieces at shops.

Inventory:

Hand Weapons
 a - a +0 war axe
 s - a +1 war axe of draining (weapon)
Armour
 c - a +0 shield (worn)
 h - a +0 plate armour (worn)
 u - a +0 pair of gloves (worn)
Jewellery
 x - a +5 ring of strength (left hand)
Wands
 z - a wand of polymorph (13)
Scrolls
 b - 4 scrolls of remove curse {unknown}
 i - a scroll of immolation {unknown}
 k - 3 scrolls of magic mapping {unknown}
 l - a scroll of blinking {unknown}
 n - 2 scrolls of amnesia {unknown}
 v - a scroll of enchant weapon {unknown}
 A - 5 scrolls of identify
 B - a scroll of noise {unknown}
 C - 2 scrolls of teleportation {unknown}
 E - 2 scrolls of fear {unknown}
 H - a scroll of brand weapon {unknown}
 I - a scroll of summoning {unknown}
Potions
 d - 6 potions of might
 f - 5 potions of agility
 g - a potion of cancellation
 j - 6 potions of curing
 m - 2 potions of resistance {unknown}
 p - 2 potions of ambrosia {unknown}
 r - a potion of flight {unknown}
 D - 2 potions of brilliance {unknown}
 G - 2 potions of magic {unknown}
Books
 y - a Fen Folio

   Spells                             Type                      Level
   a - Corpse Rot                     Necromancy                   2
   b - Stone Arrow                    Conjuration/Earth            3
   c - Leda's Liquefaction            Hexes/Earth                  4
   d - Summon Forest                  Summoning/Translocation      5
   e - Hydra Form                     Transmutation                6
   f - Summon Hydra                   Summoning                    7
Comestibles
 e - 12 bread rations
 o - 6 meat rations
 t - 5 beef jerkies
 w - 11 fruits
 F - 9 slices of pizza


   Skills:
 * Level 6.4 Fighting
 * Level 7.1 Axes
 * Level 6.6 Armour
 - Level 1.0 Dodging
 + Level 0.6 Stealth
 * Level 7.2 Shields
 * Level 4.7 Invocations


You had 8 spell levels left.
You didn't know any spells.

Dungeon Overview and Level Annotations

Branches:
Dungeon (9/15)             Temple (1/1) D:5            Lair (0/8) D:9
    Orc (0/4) D:9

Altars:
Ashenzari
Cheibriados
Dithmenos
Elyvilon
Fedhas
Gozag
Kikubaaqudgha
Makhleb
Qazlal
Ru
Sif Muna
Trog
Vehumet
Xom
Yredelemnul
Zin
The Shining One

Shops:
D:5 !   D:8 }


Innate Abilities, Weirdness & Mutations

You have sharp fingernails.
You are partially covered in icy blue scales (AC +1).
Your flesh is cold resistant.
A weak demonic guardian rushes to your aid.


Message History

Your iron imp barely misses the orc priest.
You slash the orc priest! You drain the orc priest!
You kill the orc priest!
Makhleb accepts your kill.
Your iron imp misses something.
Deactivating autopickup; reactivate with Ctrl-A.
You closely miss something. Something hits you but does no damage.
Your iron imp completely misses something.
You hit something. Something hits you.
Your iron imp misses something.
You closely miss something. Something hits you but does no damage.
The orc warrior hits you from afar with a glaive!
Your iron imp closely misses something.
Something hits you but does no damage.
Unknown command.
You closely miss something.
The orc warrior hits you from afar with a glaive.
* * * LOW HITPOINT WARNING * * *
Something hits you but does no damage.
Your iron imp barely misses something.
You closely miss something. Something hits you but does no damage.
The orc warrior hits you from afar with a glaive!!
You die...

#.....>...... #.#
.......%... #.#
............######.####
#..P....# #....<.......
#...o...# ########.....
#.o...# ###### #o.o###
## #.# #o##.# #. ..##.#
#5{@.# #. #.##.# ####.#
#. #.##(# #.# ## #.##.#
##.## #.##.# #...#
#.##.# #...# ##.##.###
#..># ........# ###.#
##.####|# #.# #####


You could see an orc warrior, an orc and a friendly iron imp.

Vanquished Creatures
  A yak (D:7)
  A human (D:7)
  A hungry ghost (D:9)
  A hog (D:7)
  2 hippogriffs
  A warg (D:9)
  2 ice beasts
  2 ogres
  An orc warrior (D:8)
  2 sky beasts
  2 phantoms
  A centaur (D:8)
  5 giant frogs
  A wyvern zombie (D:7)
  4 big kobolds
  2 electric eels (D:7)
  3 wights (D:6)
  2 giant frog zombies (D:5)
  5 crimson imps
  2 jellies (D:5)
  A quasit (D:9)
  A hound (D:4)
  2 orc priests
  6 worker ants
  A sheep (D:7)
  2 river rats (Sewer)
  2 worker ant zombies
  2 shadow imps (D:7)
  10 adders
  3 oozes
  An adder skeleton (D:6)
  2 worms (D:3)
  16 orcs
  4 giant cockroaches
  4 hobgoblins
  2 quokkas
  2 ball pythons (Sewer)
  9 bats
  6 giant geckos
  3 giant gecko skeletons
  5 giant newts
  8 goblins
  30 kobolds
  A quokka skeleton (D:5)
  2 quokka zombies
  31 rats
  A plant (D:3)
198 creatures vanquished.

Vanquished Creatures (collateral kills)
  A centaur zombie (D:8)
  A jelly (D:9)
  A giant frog skeleton (D:5)
  2 iguanas
  A sheep (D:7)
  2 orcs (D:8)
  A kobold (Sewer)
9 creatures vanquished.

Vanquished Creatures (others)
  An adder (D:7)
1 creature vanquished.

Grand Total: 208 creatures vanquished

Notes
Turn   | Place    | Note
--------------------------------------------------------------
     0 | D:1      | JudasIscariot the Demonspawn Fighter began the quest for the Orb.
     0 | D:1      | Reached XP level 1. HP: 18/18 MP: 1/1
   514 | D:1      | Gained mutation: A weak demonic guardian rushes to your aid. [demonic ancestry]
   514 | D:1      | Reached XP level 2. HP: 20/24 MP: 2/2
  1143 | D:2      | Found a shattered altar of Ashenzari.
  1143 | D:2      | Found a snail-covered altar of Cheibriados.
  1259 | D:2      | Gained mutation: You are partially covered in icy blue scales (AC +1). [demonic ancestry]
  1259 | D:2      | Reached XP level 3. HP: 10/29 MP: 3/3
  2300 | D:3      | Reached XP level 4. HP: 35/35 MP: 4/4
  2520 | D:3      | Reached skill level 1 in Dodging
  2599 | D:3      | Noticed an ogre
  2606 | D:3      | Killed an ogre
  2606 | D:3      | Reached XP level 5. HP: 3/42 MP: 5/5
  3472 | D:4      | Noticed an ogre
  3477 | D:4      | Killed an ogre
  3477 | D:4      | Reached skill level 4 in Armour
  3477 | D:4      | Gained mutation: You have sharp fingernails. [demonic ancestry]
  3477 | D:4      | Reached XP level 6. HP: 13/48 MP: 6/6
  3514 | D:4      | Found a glowing drain.
  3520 | Sewer    | Entered a sewer
  3884 | Sewer    | Reached XP level 7. HP: 31/54 MP: 7/7
  4387 | D:4      | Found a glowing golden altar of the Shining One.
  4679 | D:5      | Entered Level 5 of the Dungeon
  4696 | D:5      | Found an opulent altar of Gozag.
  4763 | D:5      | Found a shimmering altar of Xom.
  4887 | D:5      | Reached skill level 5 in Armour
  4899 | D:5      | Found Roukhly's Distillery.
  4908 | D:5      | Bought a potion of degeneration for 14 gold pieces
  4908 | D:5      | Bought a potion of curing for 42 gold pieces
  4908 | D:5      | Bought a potion of poison for 14 gold pieces
  4908 | D:5      | Bought a potion of heal wounds for 70 gold pieces
  4968 | D:5      | Reached skill level 5 in Shields
  5009 | D:5      | Found a basalt altar of Yredelemnul.
  5093 | D:5      | Found a staircase to the Ecumenical Temple.
  5097 | Temple   | Entered the Ecumenical Temple
  5112 | Temple   | Became a worshipper of Makhleb the Destroyer
  5238 | D:5      | Gained mutation: Your flesh is cold resistant. [demonic ancestry]
  5238 | D:5      | Reached XP level 8. HP: 21/61 MP: 8/8
  5572 | D:6      | Found a blossoming altar of Fedhas.
  5581 | D:6      | Found a stormy altar of Qazlal.
  5587 | D:6      | Reached skill level 1 in Invocations
  5589 | D:6      | Reached skill level 5 in Fighting
  6000 | D:6      | Found a white marble altar of Elyvilon.
  6322 | D:7      | Reached skill level 5 in Axes
  6399 | D:7      | Reached * piety under Makhleb
  6423 | D:7      | Reached skill level 6 in Armour
  6610 | D:7      | Reached XP level 9. HP: 52/69 MP: 11/11
  7270 | D:8      | Found Feol's Gadget Emporium.
  7401 | D:8      | Reached ** piety under Makhleb
  7688 | D:8      | Noticed a centaur zombie
  7697 | D:8      | Killed a centaur zombie
  8024 | D:9      | Reached skill level 7 in Shields
  8058 | D:9      | Found a staircase to the Orcish Mines.
  8397 | D:9      | Found a staircase to the Lair.
  8417 | D:9      | Slain by an orc warrior

Action                   |  1- 3 |  4- 6 |  7- 9 || total
-------------------------+-------+-------+-------++-------
Melee: War axe           |   151 |   151 |   430 ||   732
Invok: Minor Destruction |       |       |     3 ||     3
  Use: Scroll            |     2 |       |       ||     2
       Potion            |       |       |     7 ||     7
 Stab: Distracted        |       |       |     3 ||     3
  Eat: Chunk             |     4 |     2 |    18 ||    24
       Bread ration      |       |     1 |       ||     1
